 Dungeon Crawl Stone Soup version bcrawl-1.27.6 (webtiles) character file.

Game seed: 1126175529659506253

167214 Faustar the Skirmisher (level 6, -16/41 HPs)
             Began as a Gargoyle Fighter on Sept 7, 2020.
             Demolished by an ogre
             ... wielding a +0 giant club
              (20 damage)
             ... on level 4 of the Dungeon.
             The game lasted 00:05:49 (3676 turns).

Faustar the Skirmisher (Gargoyle Fighter)           Turns: 3676, Time: 00:05:49

Health: -16/41     AC: 11    Str: 21    XL:     6   Next: 75%
Magic:  6/6        EV:  9    Int:  9    God:
Gold:   201        SH:  0    Dex:  9    Spells: 5/5 levels left

rFire    . . .     SeeInvis .   a - +0 flail
rCold    . . .     Gourm    .   (no shield)
rNeg     + . .     Faith    .   b - +0 scale mail
rPois    ∞         Spirit   .   (no helmet)
rElec    +         Reflect  .   (no cloak)
rCorr    .         Harm     .   (no gloves)
MR       .....                  (no boots)
Stlth    ..........             (no amulet)
HPRegen  0.13/turn              (no ring)
MPRegen  0.10/turn              (no ring)

@: no status effects
A: negative energy resistance 1, electricity resistance, unbreathing,
petrification resistance, rot immunity, AC +4
a: no special abilities


You were on level 4 of the Dungeon.
You were hungry.

You visited 1 branch of the dungeon, and saw 4 of its levels.
You also visited: Sewer.

You collected 201 gold pieces.

Inventory:

Hand Weapons
 a - a +0 flail (weapon)
Armour
 b - a +0 scale mail (worn)
 c - a +0 medium shield
 q - a +1 pair of boots
Jewellery
 n - the ring of Lugonu's Approval {rC+ Int+3 Dex-5 Stlth--}
   (You found it on level 3 of the Dungeon)

   [ring of attention]

   It affects your intelligence (+3).
   It affects your dexterity (-5).
   It protects you from cold.
   It makes you much less stealthy.
Scrolls
 j - 2 scrolls of identify
 l - 5 scrolls of teleportation
 o - a scroll of magic mapping
 p - a scroll of blinking {unknown}
Potions
 d - 6 potions of might
 f - a potion of cancellation {unknown}
 g - 5 potions of heal wounds {unknown}
 h - 7 potions of curing {unknown}
 i - 3 potions of brilliance {unknown}
 k - a potion of lignification {unknown}
 m - a potion of flight {unknown}
 s - a potion of agility {unknown}
Comestibles
 e - 13 rations {!d}


   Skills:
 + Level 6.1 Fighting
 + Level 5.1 Maces & Flails
 - Level 3.2 Armour
 - Level 3.2 Shields


You had 5 spell levels left.
You didn't know any spells.
Your spell library was empty.

Dungeon Overview and Level Annotations

Branches:
Dungeon (4/12)
 Temple: D:4-7

Altars:
Dithmenos
Elyvilon
Trog
Xom

Shops:
D:4 [


Innate Abilities, Weirdness & Mutations

You are resistant to torment.
Your stone body is resilient. (AC +4)
You are immune to poison.
You resist negative energy. (rN+)
You are resistant to electric shocks. (rElec)
You can survive without breathing.
You are immune to petrification.
You are immune to rotting.


Message History

You now have 201 gold pieces (gained 1).
An ogre comes into view. It is wielding a +0 giant club.
An ogre is nearby!
You are feeling hungry.
You sock the ogre!
The ogre is heavily wounded.
The ogre hits you with a +0 giant club!
You hit the ogre.
The ogre is severely wounded.
The ogre hits you with a +0 giant club!!
Ouch! That really hurt!
* * * LOW HITPOINT WARNING * * *
You barely miss the ogre.
The ogre is severely wounded.
The ogre closely misses you.
You are too injured to fight recklessly!
You hit the ogre.
The ogre is almost dead.
The ogre hits you with a +0 giant club!!
You die...

#.........###
#.......##
##.....##
##...## .
##...## ...
##.....## #..#
##....#..##
#...#.........#
#..O@..##8..8#
##.....# ....#
#.....# #..##
#<.....# ....
#.#....# ..###
#.####..# ...
#. #### .


You could see an ogre.

Vanquished Creatures
  A scorpion (D:3)
  A crimson imp (D:4)
  A jelly (D:3)
  A worker ant zombie (D:4)
  A gnoll (D:4)
  6 adders
  6 river rats (Sewer)
  An ooze (D:3)
  4 worms
  3 dart slugs (D:2)
  2 leopard geckos (D:3)
  7 orcs (D:3)
  6 ball pythons
  A giant cockroach (D:2)
  10 hobgoblins
  6 jackals
  3 quokkas
  6 bats
  3 frilled lizards
  4 goblins
  27 kobolds
  A quokka zombie (D:4)
  24 rats
125 creatures vanquished.

Notes
Turn   | Place    | Note
-------+----------+-------------------------------------------
     0 | D:1      | Faustar the Gargoyle Fighter began the quest for the Orb.
     0 | D:1      | Reached XP level 1. HP: 14/14 MP: 1/1
   256 | D:1      | Reached XP level 2. HP: 16/19 MP: 2/2
   617 | D:1      | Reached XP level 3. HP: 24/24 MP: 3/3
   714 | D:1      | Reached skill level 4 in Fighting
  1162 | D:2      | Found a shadowy altar of Dithmenos.
  1440 | D:2      | Reached XP level 4. HP: 29/30 MP: 4/4
  1638 | D:3      | Got a brightly glowing jade ring
  1805 | D:3      | Found a bloodstained altar of Trog.
  1844 | D:3      | Reached XP level 5. HP: 27/34 MP: 5/5
  1889 | D:3      | Found a faded altar of an unknown god.
  1929 | D:3      | Reached skill level 5 in Fighting
  2248 | D:3      | Identified the ring of Lugonu's Approval {rC+ Int+3 Dex-5
                  | Stlth--} (You found it on level 3 of the Dungeon)
  2542 | D:4      | Found Neudiar's Antique Armour Shop.
  2609 | D:4      | Reached XP level 6. HP: 28/40 MP: 6/6
  2682 | D:4      | Found a shimmering altar of Xom.
  2720 | D:4      | Found a white marble altar of Elyvilon.
  2904 | D:4      | Found a glowing drain.
  2925 | Sewer    | Entered a sewer
  3238 | Sewer    | Reached skill level 6 in Fighting
  3287 | Sewer    | Reached skill level 5 in Maces & Flails
  3676 | D:4      | Demolished by an ogre

Skill      XL: |  1  2  3  4  5  6 |
---------------+-------------------+-----
Fighting       | 4 5 6 |  6.1
Maces & Flails | 3 4 5 |  5.1
Armour         | |  3.2
Shields        | |  3.2

Action                   |  1- 3 |  4- 6 || total
-------------------------+-------+-------++-------
Melee: Flail             |   188 |   304 ||   492
  Use: Scroll            |     1 |     4 ||     5
  Eat: Chunk             |     8 |    16 ||    24
Armor: Scale mail        |   136 |   192 ||   328
Dodge: Dodged            |   125 |   177 ||   302
